 Dungeon Crawl Stone Soup version 0.16.2-12-gd0ad4c3 (webtiles) character file.

51 Walker517 the Chiller (level 3, 0/27 HPs)
             Began as a Draconian Ice Elementalist on Oct 15, 2015.
             Slain by a hobgoblin
             ... wielding a +0 club
              (4 damage)
             ... on level 6 of the Dungeon.
             The game lasted 00:28:06 (1963 turns).

Walker517 the Chiller (Draconian Ice Elementalist)  Turns: 1963, Time: 00:28:06

Health: 0/27       AC:  8    Str: 10    XL:     3   Next: 57%
Magic:  0/6        EV: 12    Int: 16    God:
Gold:   67         SH:  0    Dex: 11    Spells: 2 memorised, 4 levels left

rFire  . . .     SeeInvis .     u - +1 hand axe
rCold  . . .     Clarity  .     (armour unavailable)
rNeg   . . .     SustAb   .     (no shield)
rPois  .         Gourm    .     (helmet restricted)
rElec  .         Spirit   +     a - +2 cloak
rCorr  .         Warding  .     (no gloves)
rMut   .         Stasis   .     (no boots)
MR     +....                    w - amulet of guardian spirit
Stlth  ++........               (no ring)
                                q - ring of protection from magic

@: somewhat resistant to hostile enchantments, unstealthy
A: unfitting armour, cold-blooded, AC +5
a: no special abilities


You were on level 6 of the Dungeon.
You were not hungry.

You visited 1 branch of the dungeon, and saw 5 of its levels.

You collected 67 gold pieces.

Inventory:

Hand weapons
 d - a +0 short sword
 k - a +0 hand axe
 u - a +1 hand axe (weapon)
 v - a +0 whip
Missiles
 e - 52 stones
 h - 40 sling bullets
 j - 3 bolts of penetration (quivered)
 r - 31 arrows
Armour
 a - a +2 cloak (worn)
Jewellery
 q - a ring of protection from magic (left hand)
 w - an amulet of guardian spirit (around neck)
Scrolls
 t - a scroll of fog
Potions
 m - a potion of resistance
Books
 b - a book of Frost

   Spells                             Type                      Level
   a - Freeze                         Ice                          1
   b - Throw Frost                    Conjuration/Ice              2
   c - Ozocubu's Armour               Charms/Ice                   3
   d - Throw Icicle                   Conjuration/Ice              4
   e - Summon Ice Beast               Ice/Summoning                4
   f - Condensation Shield            Ice                          4
 s - a book of Dreams

   Spells                             Type                      Level
   a - Ensorcelled Hibernation        Hexes/Ice                    2
   b - Flight                         Charms/Air                   3
   c - Phase Shift                    Translocation                5
   d - Shadow Creatures               Summoning                    5
   e - Mass Confusion                 Hexes                        6
   f - Darkness                       Hexes                        7
Comestibles
 c - 3 bread rations
 o - 9 fruits


   Skills:
 * Level 0.7 Fighting
 * Level 0.1 Throwing
 + Level 2.1 Dodging
 + Level 2.0 Stealth
 + Level 2.5 Spellcasting
 + Level 1.0 Conjurations
 + Level 3.7 Ice Magic


You had 4 spell levels left.
You knew the following spells:

 Your Spells              Type           Power        Failure   Level  Hunger
a - Freeze                Ice            ##..         6%          1    #......
b - Throw Frost           Conj/Ice       #.....       14%         2    ##.....


Dungeon Overview and Level Annotations

Branches:
Dungeon (6/15)
 Temple: D:4-7

Altars:
Vehumet

Annotations:
D:3 Kharon's ghost, average MiBe


Innate Abilities, Weirdness & Mutations

Your plain brown scales are hard (AC +5).
Your body does not fit into most forms of armour.
Your cold-blooded metabolism reacts poorly to cold.


Message History

Drink which item? (? for menu, Esc to quit)
Okay, then.
You fall through a shaft for 2 floors!
The shaft crumbles and collapses.
A hobgoblin comes into view. It is wielding a club.
The hobgoblin shouts!
Read which item? (? for menu, Esc to quit)
Memorise Throw Frost, consuming 2 spell levels and leaving 4?
You start memorising the spell.
You continue memorising.
You continue memorising.
You finish memorising.
Spell assigned to 'b'.
The worker ant twitches its antennae in your direction.
You hit the hobgoblin.
The hobgoblin is heavily wounded.
The hobgoblin hits you with a club.
* * * LOW HITPOINT WARNING * * *
You closely miss the hobgoblin.
The hobgoblin is heavily wounded.
The hobgoblin hits you with a club!
You die...

### #.# #.#
#.## #..#
#..## .
#...# ..#
#@..#
.....###g..#
...........#
........a.##
..........#
..#......#
..........
..........#
..........


You could see a worker ant and a hobgoblin.

Vanquished Creatures
  3 adders
  5 bats (D:1)
  2 giant cockroaches (D:2)
  4 goblins
  2 hobgoblins
  2 ball pythons
  2 giant newts (D:1)
  4 kobolds (D:1)
  4 rats
28 creatures vanquished.

Notes
Turn   | Place    | Note
--------------------------------------------------------------
     0 | D:1      | Walker517, the Draconian Ice Elementalist, began the quest for the Orb.
     0 | D:1      | Reached XP level 1. HP: 14/14 MP: 3/3
   256 | D:1      | Reached XP level 2. HP: 20/20 MP: 2/4
  1155 | D:2      | Reached XP level 3. HP: 22/26 MP: 0/6
  1166 | D:2      | Found a radiant altar of Vehumet.
  1838 | D:3      | Noticed Kharon's ghost (average MiBe)
  1863 | D:3      | HP: 1/27 [Kharon's ghost (8)]
  1899 | D:3      | HP: 1/27 [giant cockroach (1)]
  1910 | D:3      | HP: 1/27 [adder (1)]
  1955 | D:4      | You fall through a shaft for 2 floors!
  1962 | D:6      | Learned a level 2 spell: Throw Frost
  1963 | D:6      | Slain by a hobgoblin

Action                   || total
-------------------------++-------
Melee: Short sword       ||    18
       Unarmed           ||     2
       Hand axe          ||    40
 Cast: Freeze            ||    19
  Use: Scroll            ||    10
       Potion            ||     4
  Eat: Chunk             ||     2
       Bread ration      ||     1
       Fruit             ||     1
